Unix NetHack Version 3.7.0-71 Work-in-progress - last build Jan 31 2023 02:41:03 (7ba98a1283f2b7cec35fde026edb48fc825ab8ae,branch:master). Game began 2023-02-09 18:53:36, ended 2023-02-09 20:05:02. galadriel, neutral female human Priestess --- -------- |<..-- ------.......-- ------- --------------- |...).- |.........--..| |.....| |.............| -..|....|.---------|..| |[.[[.| -+---|--.----%| -.|-....)-- ---- |..%.(| --- ---- ..|-.|.-..| .....*...---- --- ---|--- +.| |..---- ---.-..--|..| --.|....|..----...-- ##...# |.| ---+-.....-+--........--+| --- -.......|.....| .#...# |.|-----......--.......)........| ------ |..|..........| ---[.- |.-..||.......-|..--------|--..-- |...!| --......---...| ......---- |.|..||...{....|--|...(../.?|..-- |....| |........|...|..........|---|.|..|--.......| |!%[+...)%|...| ---|--------.....------..o---F..|..-|.|------....-.| -----------..)| ------.---...-|...-|..|..|-....o..--[..|.--..|...|...))------ |.......-- |..|-.........|..--|..|..|--.o@o.|-)...|........---...-|.(((| |.------- |..-...............-.-.-|...--oo-|...(......--....|-.))-..()| |.| -----.....{....----...............|...G.......|-...|...-|(...| |.| . |..............-- --+--.---------.........--. |........|------ |.--|------- -+-----.........| |.|..((| --.......-- |...|.(..|--------.....|....| --..------- |.-.(((| ---...--- --..|...--.)..).|...)..-..-|| ---- --|.((!| --- -----..%..----........|..|(| ------ ------- --------------- Galadriel the Adept St:11 Dx:11 Co:14 In:9 Wi:17 Ch:14 Neutral S:3076 Dlvl:5 $:734 HP:0(53) Pw:59(72) AC:4 Xp:6/523 T:4360 Latest messages: You have a little trouble lifting a scroll called verr 300. Continue? [ynq] (q) y You have a little trouble lifting U - a scroll called verr 300. You have a little trouble lifting e - a spellbook called indigo 3. Your movements are slowed slightly because of your load. The large dog drops a crossbow. Pick an object. You hear bubbling water. You drop a spellbook of detect unseen. Kabalebo offers 150 gold pieces for your spellbook of detect unseen. Sell it? [ynaq] (n) a You sold a spellbook of detect unseen for 150 gold pieces. You drop a spellbook of healing. You sold a spellbook of healing for 50 gold pieces. Your movements are now unencumbered. What do you want to read? [eiIMOU or ?*] ? You feel a wrenching sensation. You materialize in a different location! You hear the chime of a cash register. The Mordor orc throws a dagger! You are hit by a dagger. The Mordor orc wields a curved sword! The Mordor orc throws a knife! The knife hits the Mordor orc. The Mordor orc wields a curved sword! You hear some noises in the distance. The Mordor orc wields a curved sword! The Mordor orc swings his curved sword. The Mordor orc hits! The knife misses the shrieker. The knife misses the Mordor orc. You are hit by a knife. The Mordor orc hits! The Mordor orc swings his curved sword. The Mordor orc hits! The Mordor orc hits! The Mordor orc hits! The Mordor orc swings his curved sword. The Mordor orc hits! The Mordor orc hits! The Mordor orc swings his curved sword. The Mordor orc hits! The Mordor orc hits! The Mordor orc wields a curved sword! The Mordor orc swings his curved sword. The Mordor orc hits! The Mordor orc swings his curved sword. The Mordor orc hits! You die... Do you want your possessions identified? [ynq] (y) y Do you want to see your attributes? [ynq] (y) y Do you want an account of creatures vanquished? [ynaq] (y) q Inventory: Coins $ - 734 gold pieces Amulets K - an amulet of unchanging Weapons z - 18 +0 darts (at the ready) x - 18 cursed +0 darts w - 15 cursed -1 darts a - a blessed +1 mace (weapon in hand) Armor Y - a +0 helmet (being worn) N - a +0 pair of gauntlets of dexterity (being worn) Z - a +0 pair of high boots (being worn) X - a +0 small shield (being worn) S - a +0 cloak of magic resistance (being worn) b - a +0 robe Comestibles q - a tripe ration Scrolls U - a scroll of charging I - a scroll of create monster M - a blessed scroll of gold detection O - a cursed scroll of light i - a scroll of remove curse Spellbooks e - a spellbook of invisibility Potions n - a potion of confusion F - 2 potions of extra healing s - a potion of fruit juice D - a cursed potion of levitation R - a potion of polymorph p - a potion of restore ability j - a potion of sickness d - 3 potions of holy water V - a potion of water Wands Q - a cursed wand of digging (0:6) P - a wand of light (0:11) u - a wand of probing (0:7) E - a wand of slow monster (0:3) J - a cursed wand of teleportation (0:5) Tools c - a blessed magic lamp (lit) k - a skeleton key A - a stethoscope T - a towel Gems/Stones L - a diamond W - a worthless piece of black glass G - a worthless piece of orange glass v - a worthless piece of red glass y - 4 worthless pieces of violet glass H - 2 worthless pieces of white glass l - 2 cursed worthless pieces of white glass B - 2 worthless pieces of yellowish brown glass Galadriel the Priestess's attributes: Background: You were an Adept, a level 6 human Priestess. You were neutral, on a mission for Crom who was opposed by Mitra (lawful) and Set (chaotic). You were in the Gnomish Mines, on level 5. You entered the dungeon 4360 turns ago. You had 523 experience points, 117 more were needed to attain level 7. Your score was 3076 before end-of-game adjustments. Basics: You had 0 out of 53 hit points. You had 59 out of 72 energy points (spell power). Your armor class was 4. Your wallet contained 734 zorkmids. Autopickup was off. Final Characteristics: Your strength was 11 (peak:14, limit:18/100). Your dexterity was 11 (limit:18). Your constitution was 14 (limit:18). Your intelligence was 9 (limit:18). Your wisdom was 17 (limit:18). Your charisma was 14 (limit:18). Final Status: You were not hungry. You were unencumbered. You were wielding a mace. You were skilled in mace. Final Attributes: You were piously aligned. You were magic-protected. You were warded. You are dead. Miscellaneous: You encountered 1 bones level. Total elapsed playing time was 1 hour, 11 minutes and 25 seconds. Major events: Turn 1: galadriel the neutral human Priestess entered the dungeon 628: entered the Gnomish Mines 2574: attained the rank of Acolyte (level 3) 3471: reached Mine Town 3497: destroyed Invidia's ghost, the former Conjurer 3499: found Magicbane on the floor 3889: attained the rank of Adept (level 6) 4360: killed by a Mordor orc, while reading a book Vanquished creatures: a ghost 3 watchmen 10 Mordor orcs 2 shriekers 6 gnome leaders 2 gnomish wizards a paper golem 3 dwarves an orc zombie 3 dwarf zombies an iguana 16 killer bees a coyote 2 hobbits 4 giant rats a cave spider a yellow mold 19 gnomes 3 geckos 12 jackals a fox a kobold 4 sewer rats 7 grid bugs 2 lichens a kobold zombie 6 newts 114 creatures vanquished. No species were genocided or became extinct. Voluntary challenges: You read items or engraved 9 times. You never engraved Elbereth. You never genocided any monsters. You never polymorphed an object. You never changed form. You used no wishes. Achievements: You entered the Gnomish Mines. You attained the rank of Acolyte. You entered Minetown. You entered a temple. You entered a shop. You attained the rank of Adept. The Dungeons of Doom: levels 1 to 6 Level 1: A fountain. Level 2: "vault" Stairs down to The Gnomish Mines. Level 3: A fountain, a grave. Level 4: A fountain, a grave. Level 5: A fountain. Level 6: The Gnomish Mines: levels 3 to 5 Level 3: Level 4: Level 5: <- You were here. Many shops, a temple, many fountains, a grave. Final resting place for you, killed by a Mordor orc, while reading a book, Invidia-Wiz-Hum-Fem-Cha, killed by a priest of Anhur. Game over: ---------- / \ / REST \ / IN \ / PEACE \ / \ | galadriel | | 734 Au | | killed by a | | Mordor orc | | | | | | 2023 | *| * * * | * _________)/\\_//(\/(/\)/\//\/|_)_______ Goodbye galadriel the Priestess... You died in The Gnomish Mines on dungeon level 5 with 3003 points, and 734 pieces of gold, after 4360 moves. You were level 6 with a maximum of 53 hit points when you died.